[Event "*** Titled Tuesday Blitz"]
[Site "Chess.com"]
[Date "2021.04.06"]
[Round "2"]
[White "viktorgen2021"]
[Black "JQuiroga18"]
[Result "1-0"]
[WhiteElo "2256"]
[BlackElo "2437"]
[TimeControl "180+1"]
[EndTime "10:19:20 PDT"]
[Termination "viktorgen2021 won by checkmate"]

1. d4 Nf6 2. Nf3 e6 3. g3 d5 4. Bg2 Be7 5. O-O O-O 6. c4 dxc4 7.
Qc2 a6 8. Qxc4 b5 9. Qc2 Bb7 10. Bf4 Nd5 11. Bd2 Nd7 12. Ba5 Rc8 13. a3 N5b6 14. Nbd2 c5 15. dxc5 Rxc5 16. Qb1 Qa8 17. b4 Rcc8 18. Rd1 Bf6 19. Ra2 Bd5 20. Rc2 Rxc2 21. Qxc2 Rc8 22. Qb1 Na4 23. Re1 Nc3 24. Qd3 Ne5 25. Nxe5 Bxg2 26. Nd7 Bh3 27. Nxf6+ gxf6 28. e4 Qc6 29. Nb3 Qc4 30. Qxc4 Rxc4 31. Nc5 Kg7 32.
Nxa6 Nxe4 33. Nc7 Nd2 34. Rd1 Nf3+ 35. Kh1 Rc2 36. Bb6 Ra2 37. Nxb5 f5 38. Nd4 Ng5 39.
b5 Ne4 40. Rb1 Nxf2+ 41. Kg1 Ng4 42. Rd1 Rg2+ 43. Kf1 Ne3+ 44. Ke1 Nxd1 45. Kxd1 Rxh2 46. Bc5 Bg4+ 47. Kc1 Ra2 48. b6 Ra1+ 49. Kc2 Bd1+ 50. Kb2 Rxa3 51. Kxa3 e5 52. b7 exd4 53. Bxd4+ Kg6 54.
b8=Q h5 55. Qg8+ Kh6 56. Be3+ f4 57. Bxf4# 1-0

[Event "*** Titled Tuesday Blitz"]
[Site "Chess.com"]
[Date "2021.04.06"]
[Round "2"]
[White "RobertoJBM"]
[Black "ama18"]
[Result "1-0"]
[WhiteElo "2719"]
[BlackElo "2492"]
[TimeControl "180+1"]
[EndTime "10:19:21 PDT"]
[Termination "RobertoJBM won on time"]

1. d4 Nf6 2. e3 e6 3. Nf3 b6 4. Bd3 Bb7 5. O-O c5 6. Nbd2 cxd4 7. exd4 Be7 8. Qe2 d6 9. c3 O-O 10. Re1 Nbd7 11. a4 a6 12. Nc4 Qc7 13. Bf4 Rfe8 14.
h3 Bf8 15. Bh2 Rac8 16. Ne3 Ra8 17. Nd2 g6 18. f4 Qc6 19. Ng4 Nh5 20. Be4 Qc7 21.
Bxb7 Qxb7 22. Ne3 d5 23. Qf3 Bd6 24. f5 Bxh2+ 25. Kxh2 Qb8+ 26. Kg1 exf5 27. Nxd5 Qg3 28. Qxg3 Nxg3 29. Nc4 b5 30. Nd6 Rxe1+ 31. Rxe1 Ne4 32.
Nxe4 fxe4 33. axb5 axb5 34. Rxe4 Ra1+ 35. Kf2 Rb1 36. Re2 Nf8 37. Nc7 b4 38. c4 Nd7 39.
Nd5 b3 40. Ke3 Rc1 41. c5 Nb8 42. Kd3 Nc6 43. Nc3 Kg7 44. d5 Nb4+ 45. Kc4 Na6 46. c6 Rc2 47. Rxc2 bxc2 48. Ne2 Nc7 49. b4 Ne8 50.
Kc5 Kf6 51. b5 Ke7 52. b6 Kd8 53. d6 Nxd6 54. Kxd6 1-0

[Event "*** Titled Tuesday Blitz"]
[Site "Chess.com"]
[Date "2021.04.06"]
[Round "2"]
[White "Kotofeyca"]
[Black "akanga001"]
[Result "1-0"]
[WhiteElo "2377"]
[BlackElo "2028"]
[TimeControl "180+1"]
[EndTime "10:19:21 PDT"]
[Termination "Kotofeyca won on time"]

1. d4 Nf6 2. c4 b6 3. f3 c5 4. d5 d6 5. e4 Nbd7 6. Nc3 g6 7. Bg5 Bg7 8. Qd2 O-O 9. Nh3 a6 10.
Nf2 Ne5 11. Be2 h5 12. O-O Qc7 13. a3 e6 14. dxe6 fxe6 15. Rad1 Nf7 16. Be3 Bb7 17. Nh3 Rad8 18. Nf4 Rfe8 19. Nxg6 d5 20. cxd5 exd5 21. Bf4 Qc8 22. exd5 Nxd5 23. Nxd5 Bxd5 24. Qc2 Qe6 25. Rxd5 Qxd5 26. Bxa6 Qd4+ 27. Kh1 Qxb2 28. Qf5 Qf6 29. Qxh5 Re6 30. Nh4 Qxf4 31. g3 Qg5 32. Qxg5 Nxg5 33. Bc4 Re8 34. f4 Ne4 35. f5 Kh7 36.
fxe6 Nd6 37. Bd5 Re7 38. g4 Ne8 39. Nf5 Ra7 40. Bc6 Nf6 41. Rd1 Bf8 42. g5 Ng4 43. Rd7+ Rxd7 44. exd7 Be7 45. Nxe7 Kg7 46. d8=Q 1-0

[Event "*** Titled Tuesday Blitz"]
[Site "Chess.com"]
[Date "2021.04.06"]
[Round "2"]
[White "Valeron87"]
[Black "jraosam"]
[Result "1-0"]
[WhiteElo "2364"]
[BlackElo "1858"]
[TimeControl "180+1"]
[EndTime "10:19:21 PDT"]
[Termination "Valeron87 won by checkmate"]

1. e4 c5 2. Nf3 d6 3. d4 cxd4 4. Nxd4 Nf6 5. Nc3 g6 6. Bc4 Bg7 7. O-O Nc6 8. Nb3 O-O 9. Re1 Ne5 10. Bf1 Be6 11. Nd4 Bd7 12. a4 a6 13. a5 Rc8 14.
Nd5 Nxd5 15. exd5 Nc4 16. c3 Nxa5 17. Bg5 f6 18. Bf4 Nc4 19. Qb3 Ne5 20. h3 Qc7 21.
Be3 Kh8 22. f4 Nc4 23. Bxc4 Qxc4 24. Qxb7 Rc7 25. Qxa6 Qxd5 26. Rad1 Ra8 27. Qe2 Qb7 28. Rd2 e5 29. Nf3 Bb5 30. Qf2 Ra6 31. Red1 Rd7 32. fxe5 fxe5 33. Ng5 d5 34. Qf3 Ba4 35. Rxd5 Bc6 36.
Rxd7 Bxf3 37. Rd8+ Bf8 38. Rxf8+ Kg7 39. Ne6+ Rxe6 40.
Rxf3 Re7 41. Bg5 Rd7 42. Bf6+ Kg8 43. Rdf1 Rf7 44. Bxe5 Rxf3 45. Rxf3 Qxb2 46. Bd4 Qc1+ 47. Kh2 Qc2 48. Bf2 Qe4 49. Bg3 Qd5 50. Bf4 Qc4 51.
Bh6 Qe4 52. Rf8# 1-0

[Event "*** Titled Tuesday Blitz"]
[Site "Chess.com"]
[Date "2021.04.06"]
[Round "2"]
[White "annacramling"]
[Black "mapleaff"]
[Result "1-0"]
[WhiteElo "2076"]
[BlackElo "2373"]
[TimeControl "180+1"]
[EndTime "10:19:22 PDT"]
[Termination "annacramling won by checkmate"]

1. d4 Nf6 2. c4 g6 3. Nc3 Bg7 4. e4 d6 5. h3 O-O 6. Bg5 c5 7. d5 e6 8. Bd3 exd5 9. exd5 Re8+ 10. Kf1 Nbd7 11. Nf3 a6 12. a4 b6 13. g4 Ne5 14.
Nxe5 Rxe5 15. Qd2 h5 16. f3 Ra7 17. Kg2 Rae7 18. Rae1 Qe8 19. Rxe5 Rxe5 20. Bf4 h4 21. Qf2 Nh7 22. Bxe5 Bxe5 23. Qxh4 Bd7 24. Re1 Qf8 25. Ne4 Kg7 26. Qf2 f5 27. Ng3 Bd4 28. Qd2 Ng5 29. Qxg5 Bf6 30. Qd2 Qh8 31. gxf5 gxf5 32. Bxf5 Be8 33.
Be6 Bg6 34. Nf5+ Bxf5 35. Bxf5 Qh5 36. Bg4 Qh4 37. Qf2 Qh6 38. Qe3 Bg5 39. Qe6 Qh4 40.
Qd7+ Kh6 41. Re6+ Bf6 42. Rxf6+ Qxf6 43. Qe6 Kg5 44. Qxf6+ Kxf6 45. h4 Ke5 46. h5 Kd4 47.
h6 Kxc4 48. h7 Kb3 49. h8=Q Kxa4 50. Qc3 Kb5 51. Bd7# 1-0

[Event "*** Titled Tuesday Blitz"]
[Site "Chess.com"]
[Date "2021.04.06"]
[Round "2"]
[White "PrinceMurad09"]
[Black "Twitch_ElhamBlitz05"]
[Result "0-1"]
[WhiteElo "2541"]
[BlackElo "2841"]
[TimeControl "180+1"]
[EndTime "10:19:23 PDT"]
[Termination "Twitch_ElhamBlitz05 won by resignation"]

1. e4 c6 2. Nf3 d5 3. Nc3 dxe4 4. Nxe4 Nf6 5. Qe2 Bf5 6. Nxf6+ gxf6 7. d4 e6 8. c3 Nd7 9. h3 Bd6 10. a4 Qc7 11.
Be3 O-O-O 12. g4 Be4 13. Bg2 h5 14. Nh4 Bxg2 15. Nxg2 hxg4 16. Qxg4 f5 17. Qf3 Nf6 18. Bf4 Nd5 19. Bxd6 Qxd6 20. O-O-O Rdg8 21. Ne3 Nf6 22. Nc4 Qc7 23. Rhg1 Ne4 24. Ne5 Ng5 25. Qg2 f6 26.
f4 fxe5 27. dxe5 Rh5 28. Qe2 Qh7 29. fxg5 Rhxg5 30. Rxg5 Rxg5 31. Qd2 Rg8 32. Qd6 Qf7 33. Qc5 Kb8 34. a5 a6 35. Rd3 f4 36. Rf3 Qf5 37.
Qd4 Rf8 38. Qd6+ Ka8 39. Qd3 Qxe5 40. Kc2 Qxa5 41. h4 Qh5 42. Qd6 Qf5+ 43. Kc1 e5 44. h5 e4 45. Rf1 e3 46. h6 e2 47. Re1 f3 48. h7 Rh8 49. Qd4 Qg5+ 50. Kb1 Qg6+ 51. Ka2 Qxh7 52. Qf2 Qf7+ 53. b3 Re8 54. Kb2 Qf4 55. Ra1 Qe3 56. Qxe3 Rxe3 57. Kc2 e1=Q 0-1

[Event "*** Titled Tuesday Blitz"]
[Site "Chess.com"]
[Date "2021.04.06"]
[Round "2"]
[White "nrvisakh"]
[Black "Sergey85Rodchenkov"]
[Result "1-0"]
[WhiteElo "2780"]
[BlackElo "2519"]
[TimeControl "180+1"]
[EndTime "10:19:23 PDT"]
[Termination "nrvisakh won by resignation"]

1. e4 c5 2. Nc3 e6 3. f4 d5 4. Nf3 Nc6 5. Bb5 Ne7 6. exd5 exd5 7. Qe2 Be6 8. Bxc6+ bxc6 9. O-O Qd6 10. d4 Nf5 11.
dxc5 Qxc5+ 12. Kh1 Be7 13. g4 Nd4 14. Nxd4 Qxd4 15. f5 Bd7 16. Re1 O-O 17. Qxe7 Rae8 18. Qh4 Bxf5 19. Be3 Rxe3 20. Rxe3 Be4+ 21. Rxe4 dxe4 22.
Rd1 Qb4 23. Rd8 g6 24. Rxf8+ Kxf8 25. Qxh7 e3 26. Qh6+ Kg8 27. Qxe3 Qxg4 28. Qe2 Qb4 29. Qe8+ Kg7 30. Qe5+ Kg8 31. b3 Qg4 32. a4 Qf3+ 33. Kg1 Qg4+ 34. Qg3 Qd4+ 35. Kf1 a5 36. Qb8+ Kg7 37.
Qg3 Kg8 38. h3 c5 39. Qd3 Qf4+ 40. Kg2 Qe5 41. Ne2 Qg5+ 42. Ng3 Qf4 43. Qd8+ Kg7 44.
Qd3 Kg8 45. Qc3 Qg5 46. Qxa5 Qd5+ 47. Kf2 Qd4+ 48. Kg2 c4 49. Qa8+ Kg7 50. Qf3 cxb3 51. cxb3 Qb2+ 52. Ne2 Qc2 53. Qc3+ Qxc3 54. Nxc3 1-0

[Event "*** Titled Tuesday Blitz"]
[Site "Chess.com"]
[Date "2021.04.06"]
[Round "2"]
[White "Louis64"]
[Black "willc-h99"]
[Result "0-1"]
[WhiteElo "2270"]
[BlackElo "2510"]
[TimeControl "180+1"]
[EndTime "10:19:23 PDT"]
[Termination "willc-h99 won on time"]

1. e4 d5 2. exd5 Qxd5 3. Nf3 Bg4 4. Be2 Nc6 5. O-O O-O-O 6. h3 Bh5 7. Nc3 Qd7 8. b4 Nxb4 9. Ne5 Bxe2 10. Qxe2 Qe8 11.
Rb1 e6 12. Ba3 Nd5 13. Bxf8 Qxf8 14. Qb5 Nb6 15. a4 a6 16. Qb3 Qc5 17. Nxf7 Nf6 18. Nxh8 Rxh8 19. Qxe6+ Kb8 20. Qe3 Qa5 21. Qd4 Qf5 22. d3 g5 23. a5 Nbd7 24. Ne4 Rg8 25. Nxf6 Nxf6 26. Rfe1 g4 27. Re5 Qc8 28. h4 g3 29. f3 Nd7 30. Rd5 Nf8 31. Qc4 Rg6 32. Qd4 Rh6 33. Rd8 Ng6 34. Rxc8+ Kxc8 35. Qg4+ Kb8 36. h5 Ne5 37. Qf4 Rxh5 38. Re1 Nc6 39.
Re8+ Ka7 40. Qxg3 Rxa5 41. Qf2+ b6 42. g4 Ra1+ 43. Kg2 Rc1 44. Rh8 Nb4 45. Rxh7 a5 46. Rxc7+ Ka6 47. g5 a4 48. g6 Nd5 49. Rd7 Nf4+ 50.
Kg3 Nxg6 51. Kg4 Ne5+ 52. Kf5 Nxd7 53. Ke6 Nc5+ 54. Kd5 a3 55. Qd2 Rb1 0-1

[Event "*** Titled Tuesday Blitz"]
[Site "Chess.com"]
[Date "2021.04.06"]
[Round "2"]
[White "jucAxx"]
[Black "JoliyRoger"]
[Result "0-1"]
[WhiteElo "2109"]
[BlackElo "2404"]
[TimeControl "180+1"]
[EndTime "10:19:23 PDT"]
[Termination "JoliyRoger won by checkmate"]

1. e4 c6 2. d4 d5 3. f3 e6 4. Nc3 b6 5. Be3 Nf6 6. e5 Nfd7 7. Bd3 Ba6 8. Nge2 c5 9. Bxa6 Nxa6 10. O-O Be7 11. Qe1 Nb4 12. Rc1 cxd4 13. Bxd4 Nc6 14. f4 O-O 15. Kh1 Rc8 16. Qg3 Nxd4 17. Nxd4 Bc5 18.
Nce2 Qe7 19. c3 f5 20. b4 Bxd4 21. Nxd4 Rc4 22. Nb5 Ra8 23. a4 Nf8 24. Rf3 Qd7 25. Nd6 Rc6 26. Qg5 h6 27. Qh5 a5 28. b5 Rc4 29. Rg3 Kh7 30. Nxc4 dxc4 31. Rd1 Qe7 32.
Rd6 Rd8 33. Qd1 Rc8 34. Rxb6 Qh4 35. Rf3 Ng6 36. g3 Qg4 37. Kg2 Nh4+ 38. Kf2 Nxf3 39. Qxf3 Qh3 40. Qg2 Qh5 41. Rd6 Qe8 42. Kg1 Rd8 43.
Qd2 Rb8 44. Qd4 Qh5 45. Rxe6 Qf3 46. Rd6 h5 47. Qf2 Qe4 48. Rd1 h4 49. Qd4 Qf3 50.
Rf1 Qg4 51. Qf2 Rd8 52. Kg2 Rd3 53. h3 Rxg3+ 54. Kh2 Rxh3# 0-1

[Event "*** Titled Tuesday Blitz"]
[Site "Chess.com"]
[Date "2021.04.06"]
[Round "2"]
[White "anon102030"]
[Black "BigAl"]
[Result "1-0"]
[WhiteElo "2715"]
[BlackElo "2492"]
[TimeControl "180+1"]
[EndTime "10:19:24 PDT"]
[Termination "anon102030 won by resignation"]

1. e4 c6 2. d3 d5 3. Nd2 g6 4. g3 Bg7 5. Bg2 e5 6. Ngf3 Ne7 7. O-O O-O 8. b3 d4 9. Nh4 c5 10. f4 exf4 11. gxf4 Nbc6 12. f5 f6 13. a4 Ne5 14.
Nc4 N7c6 15. Qe1 g5 16. Nf3 Nxc4 17. bxc4 Re8 18. Qg3 h5 19. Nxg5 Ne5 20. Nh3 Qe7 21. Bf3 Nxf3+ 22. Qxf3 Qf7 23. Kh1 Bd7 24. Rg1 Kf8 25. Nf4 Ke7 26. Qxh5 Rh8 27. Ng6+ Kd6 28. Bf4+ Kc6 29. Qf3 Kb6 30. Rab1+ Ka6 31. Rb5 b6 32. e5 Qe8 33. Rg2 Bc6 34. Qe2 fxe5 35. Bxe5 Bxe5 36. Nxe5 Bb7 37. Kg1 Rf8 38. Rf2 Rg8+ 39. Kf1 Qf8 40.
a5 Qh6 41. Qe1 Qh3+ 42. Ke2 Qh5+ 43. Kd2 Qh6+ 44. Kd1 Rae8 45. axb6 axb6 46. c3 Qh5+ 47. Kc1 Rg2 48. Rxg2 Bxg2 49. cxd4 Qh6+ 50. Qd2 Kb7 51.
Qxh6 Re7 52. Qxb6+ Kc8 53. Qxc5+ Kd8 54. Qxe7+ Kxe7 55. d5 Kf6 56. Ng4+ 1-0

[Event "*** Titled Tuesday Blitz"]
[Site "Chess.com"]
[Date "2021.04.06"]
[Round "2"]
[White "geordie_derraugh"]
[Black "Izoria123"]
[Result "1/2-1/2"]
[WhiteElo "2459"]
[BlackElo "2798"]
[TimeControl "180+1"]
[EndTime "10:19:24 PDT"]
[Termination "Game drawn - insufficient material"]

1. e4 c5 2. Nf3 a6 3. d3 e6 4.
g3 d5 5. Qe2 Nf6 6. Bg2 Be7 7.
O-O O-O 8. h4 b6 9. e5 Nfd7 10.
c4 Bb7 11. Bf4 b5 12. Nbd2 Re8 13. Rfe1 Nb6 14. b3 Nc6 15. Rac1 Rc8 16. Bh3 Rc7 17. Ng5 h6 18. Nxf7 Kxf7 19. Qh5+ Kf8 20. Bxh6 Bxh4 21.
gxh4 gxh6 22. Qxh6+ Rg7+ 23. Kh2 Qc7 24. Nf3 Kg8 25.
Bxe6+ Rxe6 26. Qxe6+ Qf7 27. Ng5 Qxe6 28. Nxe6 Re7 29.
Rg1+ Kf7 30. cxd5 Nxe5 31. Ng5+ Ke8 32. Rxc5 Nxd5 33. Rd1 Nf4 34. d4 Nf3+ 35. Nxf3 Bxf3 36. Rdc1 Nd3 37. Rc8+ Kf7 38. R1c7 Nb4 39. Rxe7+ Kxe7 40. a3 Nc6 41. Ra8 Nxd4 42. Rxa6 Nxb3 43. Rb6 Be2 44.
Kg3 Kf7 45. f4 Kg7 46. Re6 Bc4 47. Rb6 Nc5 48. Rc6 Ne6 49. a4 Nd4 50. Rc7+ Kf6 51.
axb5 Bxb5 52. Rb7 Bc6 53. Rb6 Kf5 54. h5 Be8 55. Ra6 Bxh5 56. Kh4 Kxf4 57. Kxh5 Nf3 58. Ra4+ Ke3 59. Ra3+ Ke4 60. Rxf3 Kxf3 1/2-1/2

[Event "*** Titled Tuesday Blitz"]
[Site "Chess.com"]
[Date "2021.04.06"]
[Round "2"]
[White "GigaQuparadze"]
[Black "Brave_spirit12"]
[Result "1-0"]
[WhiteElo "2862"]
[BlackElo "2548"]
[TimeControl "180+1"]
[EndTime "10:19:25 PDT"]
[Termination "GigaQuparadze won by resignation"]

1. e4 e6 2. d4 d5 3. Nd2 c5 4. Ngf3 Nc6 5. Bb5 Bd6 6. exd5 exd5 7. dxc5 Bxc5 8. Nb3 Bd6 9. O-O Ne7 10. Bg5 f6 11.
Bh4 O-O 12. Bg3 Bg4 13. Re1 Rc8 14. Be2 Qd7 15. Nfd4 Bxe2 16. Qxe2 Bxg3 17. hxg3 Rfe8 18. Qd3 Ne5 19. Qd1 Nc4 20. Rb1 b6 21. Nd2 Nc6 22. Rxe8+ Rxe8 23. N2f3 N6e5 24. b3 Nd6 25. Ne2 Ne4 26. Qd4 Qc6 27. c3 Qc5 28. Nxe5 fxe5 29. Qxc5 bxc5 30. f3 Nf6 31. Re1 e4 32. Nf4 g5 33. Nh3 h6 34. Nf2 exf3 35. Rxe8+ Nxe8 36. gxf3 Nd6 37. Ng4 Kg7 38. Kf2 Nb5 39. c4 dxc4 40.
bxc4 Nc3 41. a3 Nb1 42. a4 Nd2 43. Ne3 Kf6 44. Ke2 Nb3 45. Ng4+ Kg6 46. Ne5+ Kf5 47. Nc6 Nd4+ 48. Nxd4+ cxd4 49. g4+ Kf4 50. c5 Ke5 51. Kd3 Kd5 52. c6 Kxc6 53. Kxd4 a6 54. Kc4 Kd6 55. Kb4 Ke5 56. Ka5 Kf4 57. Kxa6 Kxf3 58. a5 Kxg4 59.
Kb6 h5 60. a6 h4 61. a7 h3 62. a8=Q Kg3 63. Qa3+ Kh2 64. Qd6+ Kg2 65. Qd5+ Kh2 66. Qxg5 Kh1 67. Qd5+ Kg1 68. Qd4+ Kg2 69. Qg4+ Kh2 70. Qf3 1-0

[Event "*** Titled Tuesday Blitz"]
[Site "Chess.com"]
[Date "2021.04.06"]
[Round "2"]
[White "EugeneRougon"]
[Black "if_name_main_a"]
[Result "1/2-1/2"]
[WhiteElo "2734"]
[BlackElo "2348"]
[TimeControl "180+1"]
[EndTime "10:19:25 PDT"]
[Termination "Game drawn by agreement"]

1. e4 e6 2. d4 d5 3. Nd2 c5 4. Ngf3 cxd4 5. exd5 Qxd5 6. Bc4 Qd7 7. O-O Nc6 8. Re1 a6 9. a4 Bd6 10. Ne4 Nge7 11. b3 O-O 12. Nxd6 Qxd6 13. Ba3 Qd7 14.
Bxe7 Qxe7 15. Nxd4 Nxd4 16. Qxd4 Bd7 17. a5 Bc6 18. Rad1 Qg5 19. g3 Qxa5 20. Re5 Qc7 21. Qe3 Rad8 22. Bd3 g6 23. Re1 Qd6 24. Rc5 Qd4 25.
Qxd4 Rxd4 26. Bxa6 Ra8 27. Bd3 Ra2 28. f4 Kg7 29. b4 Rxb4 30. Kf2 Ra3 31. Rce5 Rb2 32.
Ke3 Bd5 33. Kd4 b5 34. g4 b4 35. f5 b3 36. c4 Bf3 37. fxe6 fxe6 38. g5 Bg4 39. c5 Rd2 40. Kc3 Rxh2 41. Kb4 Rha2 42. c6 b2 43. c7 Ra8 44. Rc5 R2a4+ 45. Kc3 Ra3+ 46. Kd2 Rc8 47. Be4 Bf5 48. Bxf5 gxf5 49. Kc2 Ra7 50. Rxe6 Raxc7 51. Rxc7+ Rxc7+ 52. Kxb2 Rf7 53. Kc2 f4 54. Kd2 f3 55. Ke1 Rf5 56. Kf2 Kf7 57. Rh6 Kg7 58. Ra6 Kf7 59. Rf6+ Rxf6 60. gxf6 Kxf6 61.
Kxf3 Kg5 62. Kg3 1/2-1/2

[Event "*** Titled Tuesday Blitz"]
[Site "Chess.com"]
[Date "2021.04.06"]
[Round "2"]
[White "vrekhson"]
[Black "ShahMatKanal"]
[Result "0-1"]
[WhiteElo "2221"]
[BlackElo "2447"]
[TimeControl "180+1"]
[EndTime "10:19:27 PDT"]
[Termination "ShahMatKanal won by checkmate"]

1. e4 e6 2. d4 d5 3. exd5 exd5 4. Bd3 Be6 5. Qf3 Nc6 6. c3 Qd7 7. Ne2 O-O-O 8. b4 Bg4 9. Qg3 Bd6 10. Bf4 Nf6 11.
h3 Bxe2 12. Bxe2 Rhe8 13. Bxd6 cxd6 14. Nd2 Qf5 15. Qf3 Qc2 16. g4 Rxe2+ 17. Kxe2 Re8+ 18. Kf1 Qxd2 19. Qf5+ Kb8 20. g5 Qe2+ 21. Kg1 Qe4 22. Qxe4 Nxe4 23. Re1 Rc8 24. Re3 Nxg5 25. h4 Ne6 26.
Rhh3 h5 27. Rhg3 Rc7 28. Kf1 g6 29. Ke2 a5 30. a3 a4 31. Kd2 Ne7 32. Ref3 Nf5 33.
Rh3 Re7 34. Kd3 Nc7 35. Rxf5 gxf5 36. Rf3 Re4 37. Rxf5 Rxh4 38. Rxf7 Rh3+ 39. Kd2 h4 40. Rf6 Nb5 41. Rf5 Nxc3 42. f3 Nb1+ 43. Kd3 Nxa3 44. Rxd5 Rxf3+ 45. Ke4 Rg3 46. Rxd6 h3 47. Rh6 Nb5 48.
Kd5 a3 49. Kc5 a2 50. Kb6 Nd6 51. d5 a1=Q 52. Rh8+ Nc8+ 53. Kc5 Qc3+ 54. Kb5 Qd3+ 55. Ka4 b5+ 56. Ka5 Qxd5 57. Ka6 Ra3# 0-1

[Event "*** Titled Tuesday Blitz"]
[Site "Chess.com"]
[Date "2021.04.06"]
[Round "2"]
[White "ChessAurochs"]
[Black "Durarbayli"]
[Result "1-0"]
[WhiteElo "2528"]
[BlackElo "2736"]
[TimeControl "180+1"]
[EndTime "10:19:29 PDT"]
[Termination "ChessAurochs won by checkmate"]

1. e4 c5 2. Nf3 d6 3. d4 cxd4 4. Nxd4 Nf6 5. Nc3 Nc6 6. Bg5 Qb6 7. Nb3 e6 8. Qd2 a6 9. O-O-O Be7 10. Bf4 O-O 11.
h3 Rd8 12. g4 d5 13. exd5 Nxd5 14. Nxd5 Rxd5 15. Qe3 Qxe3+ 16. Bxe3 Nb4 17. Bg2 Rxd1+ 18.
Rxd1 f6 19. a3 Nc6 20. Bxc6 bxc6 21. Na5 Bf8 22. Nxc6 Bb7 23. Nd4 Kf7 24. Nb3 Bg2 25.
h4 Bf3 26. Rd7+ Ke8 27. Rd4 e5 28. Ra4 Be2 29. Bc5 Bb5 30. Rb4 Rc8 31. Bxf8 Kxf8 32. a4 Be2 33. Kd2 Bf3 34. Ke3 Bd1 35. c3 Rd8 36. Nd2 Bc2 37. f3 Rd3+ 38. Ke2 Rd6 39. Ne4 Rc6 40. Rb8+ Kf7 41. Rb7+ Kf8 42.
Rb4 Kf7 43. Ke3 g6 44. g5 f5 45. Rb7+ Ke6 46. Nf6 f4+ 47. Ke2 Bb1 48. Rxh7 Bc2 49. Rh8 Bxa4 50. Re8+ Kf5 51. Ng4 Bb5+ 52. Kf2 Rd6 53.
Rxe5# 1-0

[Event "*** Titled Tuesday Blitz"]
[Site "Chess.com"]
[Date "2021.04.06"]
[Round "2"]
[White "mikolka1985"]
[Black "Rakesh"]
[Result "0-1"]
[WhiteElo "2653"]
[BlackElo "2490"]
[TimeControl "180+1"]
[EndTime "10:19:29 PDT"]
[Termination "Rakesh won by resignation"]

1. d4 Nf6 2. c4 e5 3. dxe5 Ng4 4. Nf3 Bc5 5. e3 Nc6 6. Be2 O-O 7. O-O Re8 8. Nc3 Ngxe5 9. Nxe5 Nxe5 10. b3 a5 11. Bb2 Ra6 12. Na4 Ba7 13. Bd4 Bb8 14. Qd2 Rh6 15.
f4 Nc6 16. Bb2 Qh4 17. h3 Ba7 18. c5 d6 19. Rac1 Bxh3 20. Bf3 Bg4 21. Bxg4 Qxg4 22. Rf3 Qh4 23. Rh3 Qe7 24. Rxh6 gxh6 25. Re1 dxc5 26. Nc3 Nb4 27. a3 Rd8 28. Qe2 Nd3 29. Qg4+ Kf8 30.
Nd5 Rxd5 31. Bg7+ Ke8 32. Re2 Qe6 33. Qg3 a4 34. bxa4 c4 35. Bd4 Bxd4 36. Kf1 Bf6 37. e4 Rc5 38. e5 Be7 39. Re4 Qf5 40. Rd4 Rxe5 41. Qg8+ Bf8 42. g4 Qe6 43. fxe5 Qxe5 44.
Rd8+ Kxd8 45. Qxf8+ Qe8 46. Qb4 Qe1+ 47. Qxe1 Nxe1 48. Kxe1 Ke7 49. Kd2 Ke6 50. Kc3 f5 51. gxf5+ Kxf5 52. Kxc4 h5 53. a5 h4 54. a6 bxa6 55.
Kc5 h3 56. Kc6 h2 57. Kxc7 h1=Q 0-1

[Event "*** Titled Tuesday Blitz"]
[Site "Chess.com"]
[Date "2021.04.06"]
[Round "2"]
[White "Chamal_Gedgafov"]
[Black "ajdemipopushi"]
[Result "0-1"]
[WhiteElo "2199"]
[BlackElo "2432"]
[TimeControl "180+1"]
[EndTime "10:19:29 PDT"]
[Termination "ajdemipopushi won on time"]

1. d4 Nf6 2. c4 c5 3. d5 b5 4. cxb5 a6 5. e3 e6 6. Nc3 exd5 7. Nxd5 Bb7 8. Nxf6+ Qxf6 9. Nf3 Be7 10. Be2 O-O 11. O-O axb5 12. Bxb5 d5 13. a4 Rd8 14. Ra3 Nc6 15.
Rd3 Nb4 16. Rd2 Bd6 17. b3 Qh6 18. h3 Qg6 19. Bb2 Rac8 20. Ne5 Bxe5 21. Bxe5 d4 22. f3 f6 23. Bf4 d3 24. e4 Kh8 25.
Be3 f5 26. exf5 Qxf5 27. Bf2 Qg6 28. Kh1 Ba6 29. Qc1 Bxb5 30. axb5 Qb6 31. Qc4 Qd6 32.
Rc1 Nc2 33. Rcxc2 dxc2 34. Rxd6 Rxd6 35. Qxc2 Rcd8 36. Bxc5 Rd2 37. Qc4 Rd1+ 38. Kh2 Rc8 39. b6 Rd7 40. b4 Rb7 41. Qd5 Rcb8 42. Qc6 Rf7 43. h4 h6 44. h5 Rbf8 45. Qd5 Rf5 46. Qd6 Rxh5+ 47. Kg1 Re8 48. Bd4 Re1+ 49. Kf2 Rd1 50.
Qd8+ Kh7 51. Qd7 Rg5 0-1

[Event "*** Titled Tuesday Blitz"]
[Site "Chess.com"]
[Date "2021.04.06"]
[Round "2"]
[White "The_Machine04"]
[Black "Bulldog167"]
[Result "1-0"]
[WhiteElo "2451"]
[BlackElo "2783"]
[TimeControl "180+1"]
[EndTime "10:19:30 PDT"]
[Termination "The_Machine04 won on time"]

1. d4 f5 2. Bg5 Nf6 3. Bxf6 exf6 4. e3 d5 5. Bd3 Nc6 6. Nc3 Be6 7.
Qf3 Qd7 8. h4 h5 9. Nge2 g6 10.
Nf4 Ne7 11. Qg3 Bf7 12. f3 O-O-O 13. O-O-O Bh6 14. Kb1 Kb8 15. Rhe1 Rhe8 16. Qf2 Nc8 17. g3 c6 18. e4 Bxf4 19. gxf4 dxe4 20. fxe4 Qxd4 21.
Qxd4 Rxd4 22. exf5 Rxe1 23. Rxe1 gxf5 24. Ne2 Rd5 25.
Bc4 Rd7 26. Bxf7 Rxf7 27. Ng3 Nd6 28. b3 Ne4 29. Nxf5 Nc3+ 30. Kb2 Nd5 31. Re4 Kc7 32.
c4 Nb4 33. Ng3 a5 34. f5 Rg7 35. Nxh5 Rg2+ 36. Kb1 Nxa2 37. Re3 Nb4 38. Nxf6 Rf2 39. Ne8+ Kd8 40. f6 b5 41. cxb5 cxb5 42. h5 Nd5 43. Rd3 Kxe8 44. Rxd5 a4 45. b4 Rxf6 46. Rxb5 Rf3 47.
Ka2 Rb3 48. h6 Kf7 49. Rb7+ Kg8 50. b5 Kh8 51. b6 Kg8 52. Rg7+ Kh8 53. b7 Rb6 54.
Rc7 a3 55. Rc8+ Kh7 56. b8=Q Rd6 57. Qc7+ 1-0

[Event "*** Titled Tuesday Blitz"]
[Site "Chess.com"]
[Date "2021.04.06"]
[Round "2"]
[White "Rytenko_V"]
[Black "Larciano"]
[Result "1-0"]
[WhiteElo "2373"]
[BlackElo "1987"]
[TimeControl "180+1"]
[EndTime "10:19:30 PDT"]
[Termination "Rytenko_V won on time"]

1. d4 d5 2. c4 Nc6 3. Nc3 dxc4 4. Nf3 Nf6 5. Bg5 Bg4 6. e3 h6 7. Bh4 e6 8. Bxc4 Bd6 9. Qb3 Rb8 10. Bb5 O-O 11. h3 Bxf3 12. gxf3 e5 13. d5 Na5 14.
Qa4 c6 15. Bd3 Be7 16. e4 b5 17. Qc2 b4 18. Ne2 cxd5 19. Ng3 Rc8 20. Qe2 dxe4 21. fxe4 Nc6 22. Nf5 Nd4 23. Qe3 Nxf5 24. exf5 Qd4 25.
Qxd4 exd4 26. Kd2 Bd6 27. Bxf6 gxf6 28. Rhg1+ Kh7 29. Rg4 Rg8 30. Rag1 Be5 31. Bc2 a5 32. Bb3 Rxg4 33. Rxg4 Rc7 34. Kd3 Rc1 35. h4 Rf1 36. Rg2 Rh1 37. f4 Bxf4 38. Kxd4 Be5+ 39. Kd5 Rxh4 40. Kc6 Rf4 41. Bxf7 a4 42. Bg8+ Kh8 43. Be6 h5 44. Kd7 Rd4+ 45. Ke8 Rd6 46. Kf7 Rd8 47. Ke7 Rb8 48. Rg1 b3 49. axb3 axb3 50. Rh1 Kg7 51. Rg1+ Kh6 52. Rg6+ Kh7 53. Rg1 Kh6 54. Bd7 Bxb2 55.
Rg6+ Kh7 56. Kf7 1-0

[Event "*** Titled Tuesday Blitz"]
[Site "Chess.com"]
[Date "2021.04.06"]
[Round "2"]
[White "GMaka"]
[Black "Fandorine"]
[Result "0-1"]
[WhiteElo "2465"]
[BlackElo "2896"]
[TimeControl "180+1"]
[EndTime "10:19:31 PDT"]
[Termination "Fandorine won on time"]

1. d4 Nf6 2. Bg5 g6 3. e3 Bg7 4.
Bd3 d5 5. Nf3 O-O 6. Nbd2 c5 7.
c3 Qb6 8. Qb1 Nc6 9. O-O Re8 10.
a4 c4 11. Bc2 e5 12. Nxe5 Nxe5 13. dxe5 Rxe5 14. Nf3 Re8 15. a5 Qc5 16. Nd4 Ne4 17. Bf4 Nd2 18. Qa2 Nxf1 19. Rxf1 Bd7 20. h3 b5 21. a6 Be5 22. Bxe5 Rxe5 23. Qa5 Rb8 24. b4 Qb6 25. Ra1 Qxa5 26. Rxa5 Kf8 27. Bd1 h5 28. Bf3 Rb6 29. Kh2 Ke7 30. g4 h4 31. Kg2 Kd6 32. Kf1 g5 33. Ke2 f6 34. Bg2 Re8 35. Kd2 Reb8 36.
e4 dxe4 37. Bxe4 Re8 38. f3 Re5 39. Bb7 f5 40. Ra1 f4 41. Be4 Bc8 42. Ra5 Bxa6 43.
Nf5+ Kc7 44. Nd4 Rd6 45. Kc2 Kb6 46. Ra1 Bb7 47. Bxb7 Kxb7 48. Rd1 a6 49. Rd2 Re3 50. Kb2 Rd5 51. Rc2 Rxd4 52. cxd4 Rb3+ 53. Kc1 Rxb4 54. Re2 Rb3 55. Re5 Rxf3 56. Rxg5 Rxh3 57. Rf5 f3 58. g5 Rg3 59. d5 h3 0-1

[Event "*** Titled Tuesday Blitz"]
[Site "Chess.com"]
[Date "2021.04.06"]
[Round "2"]
[White "GMJustin"]
[Black "YumiBear"]
[Result "0-1"]
[WhiteElo "2291"]
[BlackElo "2543"]
[TimeControl "180+1"]
[EndTime "10:19:34 PDT"]
[Termination "YumiBear won on time"]

1. e4 c6 2. d4 d5 3. Bd3 dxe4 4. Bxe4 Nf6 5. Bf3 Bf5 6. Ne2 h6 7. O-O e6 8. c4 Bd6 9. Nbc3 O-O 10. Bf4 Qc7 11. Bxd6 Qxd6 12. Qb3 Qc7 13. Rac1 Nbd7 14. Rfd1 e5 15. Ng3 Bg6 16. d5 Rfe8 17. d6 Qb6 18. Nce4 Nxe4 19. Bxe4 Nc5 20. Qxb6 axb6 21. Bxg6 fxg6 22.
b4 Ne6 23. Rd2 Nf8 24. Ne4 Ra4 25. Rb1 Nd7 26. h4 Rea8 27. Nc3 Ra3 28. Rb3 Kf7 29.
Rxa3 Rxa3 30. Ne4 Ke6 31. c5 b5 32. f3 Ra4 33. Rb2 Ra3 34. Kf2 Rd3 35. Ke2 Rd4 36. a3 Kd5 37. Rd2 Kc4 38. Rxd4+ exd4 39. Kd2 Kb3 40. Kd3 Kxa3 41. Kxd4 Kxb4 42. g4 Ka3 43. f4 b4 44. f5 gxf5 45. gxf5 b3 46. Kc3 b2 47.
Nd2 Ka2 48. Kc2 Nxc5 49. h5 b5 50. Nb1 b4 51. Nd2 b3+ 52. Kc3 b1=Q 53. Nxb1 Kxb1 54. d7 Nxd7 55. Kxb3 c5 56. Kc4 Kb2 57. Kd5 Kb3 58. Ke6 Nf6 59. Kf7 Nxh5 60. Kg6 Ng3 0-1